 Dungeon Crawl Stone Soup version 0.31-a0-221-gbddc013574 (webtiles) character file.

Game seed: 10664935334227223547

936 qw the Skirmisher (level 7, -1/61 HPs)
             Began as a Minotaur Hexslinger on July 4, 2023.
             Slain by an orc warrior
             ... wielding a +0 glaive
              (14 damage)
             ... on level 6 of the Dungeon.
             The game lasted 00:01:52 (4412 turns).

qw the Skirmisher (Minotaur Hexslinger)             Turns: 4412, Time: 00:01:53

Health: -1/61      AC:  5    Str: 12    XL:     7   Next: 87%
Magic:  0/7        EV: 15    Int: 10    God:
Gold:   112        SH:  0    Dex: 24    Spells: 7/8 levels left

rFire   + + .        Y - +0 longbow (flame)
rCold   . . .        (shield currently unavailable)
rNeg    + . .        f - +1 robe {rF+}
rPois   .            (helmet restricted)
rElec   .            b - +1 cloak
rCorr   .            (no gloves)
SInv    .            (no boots)
Will    .....        h - amulet "Hulosah" {Spirit rF+ Dex+3}
Stlth   ++           g - +6 ring of dexterity
HPRegen 0.30/turn    e - ring of positive energy
MPRegen 0.10/turn

%: guardian spirit
@: no status effects
A: horns 2, retaliatory headbutt
a: no special abilities


You were on level 6 of the Dungeon.
You visited 1 branch of the dungeon, and saw 6 of its levels.

You collected 251 gold pieces.
You spent 139 gold pieces at shops.


Innate Abilities, Weirdness & Mutations

You have a pair of horns on your head.
You reflexively headbutt those who attack you in melee.


   Skills:
 - Level 5.0 Fighting
 + Level 8.1 Ranged Weapons
 - Level 1.1 Armour
 - Level 4.2 Dodging
 - Level 1.0 Spellcasting
 - Level 2.0 Hexes


You had 7 spell levels left.
You knew the following spells:

 Your Spells              Type           Power      Damage    Failure   Level
a - Slow                  Hex            16%        N/A       16%         1

Your spell library contained the following spells:

 Spells                   Type           Power      Damage    Failure   Level
 Inner Flame              Hex/Fire       2%         N/A       56%         3
 Portal Projectile        Hex/Tloc       4%         N/A       56%         3
 Cause Fear               Hex            2%         N/A       83%         4

Inventory:

Hand Weapons
 Y - a +0 longbow of flaming (weapon)
Armour
 b - a +1 cloak (worn)
 c - a +0 ring mail
 f - a +1 robe of fire resistance (worn)
Jewellery
 e - a ring of positive energy (right hand)
 g - a +6 ring of dexterity (left hand)
 h - the amulet "Hulosah" (around neck) {Spirit rF+ Dex+3}
   (You acquired it on level 4 of the Dungeon)

   [amulet of guardian spirit]

   It causes incoming damage to be divided between your reserves of health and
   magic.
   Dex:       It affects your dexterity (+3).
   rF:        It protects you from fire.
Potions
 a - a potion of lignification {unknown}
 d - a potion of enlightenment
 i - a potion of attraction {unknown}
 j - a potion of magic {unknown}
 k - a potion of invisibility {unknown}
 l - a potion of might {unknown}
 m - a potion of haste {unknown}

Dungeon Overview and Level Annotations

Branches:
Dungeon (6/15)
 Temple: D:4-7

Altars:
Uskayaw
Xom

Shops:
D:4 **


Message History

The arrow barely misses the orc warrior.
The arrow completely misses the orc wizard.
You shoot an arrow. The arrow hits the orc wizard!
The arrow burns the orc wizard.
You kill the orc wizard!
The orc warrior closely misses you. The orc barely misses you.
You furiously retaliate!
You headbutt the orc. The orc misses you.
The orc warrior hits you but does no damage.
You shoot an arrow. The arrow barely misses the orc.
The orc warrior barely misses you.
You shoot an arrow. The arrow hits the orc!
The arrow burns the orc.
You kill the orc!
The orc warrior hits you with a +0 glaive!
The orc wizard hits you with a +0 dagger.
You shoot an arrow. The arrow misses the orc wizard.
The orc wizard gestures at you while chanting.
You are confused.
The orc warrior barely misses you. The orc wizard misses you.
The orc warrior barely misses you.
The orc warrior hits you with a +0 glaive!
The orc wizard hits you with a +0 dagger.
The orc wizard hits you but does no damage.
The orc warrior misses you.
The orc warrior hits you with a +0 glaive!
The orc wizard hits you with a +0 dagger.
The orc warrior misses you. The orc wizard barely misses you.
The orc warrior closely misses you.
The orc wizard hits you but does no damage.
You feel less confused. The orc warrior barely misses you.
The orc wizard barely misses you. You furiously retaliate!
You headbutt the orc wizard. You shoot an arrow.
The arrow barely misses the orc wizard.
The orc warrior completely misses you. You furiously retaliate!
You headbutt the orc warrior. The orc wizard closely misses you.
You shoot an arrow.
The arrow closely misses the orc wizard.
The orc wizard closely misses you. You furiously retaliate!
You headbutt the orc wizard, but do no damage.
The orc warrior hits you with a +0 glaive!
You die...

... o. ##.# o.. #...
#o.. #..##.o...
##...#...
#####....oo .......
#.....#))# .......
#.#..>..o## .......
#.......)@###.......
##......o##........
##...#............
##..#..[.....(...
####....<..<....
##...........
##.....#####
......## .......#


You could see an orc warrior and an orc wizard.

Vanquished Creatures
  An ogre (D:5)
  2 phantoms
  A scorpion (D:4)
  A howler monkey (D:5)
  An orc priest (D:6)
  2 hounds (D:5)
  2 gnoll boudas
  A sleepcap (D:3)
  2 iguanas
  4 orc wizards
  11 gnolls
  7 adders
  2 worms
  3 dart slugs
  15 orcs
  9 ball pythons
  9 bats
  6 endoplasms
  5 giant cockroaches
  5 goblins
  6 hobgoblins
  6 quokkas
  3 frilled lizards
  2 kobolds (D:1)
  8 rats
114 creatures vanquished.

Notes
Turn   | Place    | Note
-------+----------+-------------------------------------------
     0 | D:1      | qw the Minotaur Hexslinger began the quest for the Orb.
     0 | D:1      | Reached XP level 1. HP: 16/16 MP: 1/1
     0 | D:1      | 0 ||| qw: Version: 0.3-a-41-g9d075ac
     0 | D:1      | 0 ||| qw: Game counter: 716
     0 | D:1      | 0 ||| qw: Melee chars always use a shield: true
     0 | D:1      | 0 ||| qw: God list: Okawaru
     0 | D:1      | 0 ||| qw: Allow faded altars: false
     0 | D:1      | 0 ||| qw: Do Orc after clearing Dungeon:15 true
     0 | D:1      | 0 ||| qw: Do second Lair branch before Depths: true
     0 | D:1      | 0 ||| qw: Lair rune preference: random
     0 | D:1      | 0 ||| qw: Goals: Normal
     0 | D:1      | 0 ||| PLANNING D:1-11
    51 | D:1      | Reached skill level 3 in Ranged Weapons
    54 | D:1      | Reached XP level 2. HP: 22/23 MP: 2/2
   283 | D:1      | Reached XP level 3. HP: 29/29 MP: 3/3
   573 | D:1      | 573 ||| READING scroll labelled YRETZO RIEMN.
   574 | D:1      | 574 ||| DROPPING scroll of poison.
   854 | D:2      | Reached skill level 4 in Ranged Weapons
   869 | D:2      | Found a shimmering altar of Xom.
  1076 | D:2      | 1076 ||| UPGRADING to +1 cloak.
  1081 | D:2      | 1081 ||| UPGRADING to +0 leather armour.
  1091 | D:2      | 1091 ||| DROPPING +0 robe.
  1092 | D:2      | 1092 ||| READING scroll labelled HEXAKI XIRIOTSIU.
  1093 | D:2      | 1093 ||| READING scroll labelled CAEX GOSHREKLUSCH.
  1098 | D:2      | 1098 ||| DRINKING 2 silvery potions.
  1099 | D:2      | 1099 ||| DRINKING 2 bubbling white potions.
  1204 | D:2      | 1204 ||| DROPPING potion of berserk rage.
  1218 | D:3      | Noticed a phantom
  1219 | D:3      | 1219 ||| STAIRDANCE
  1219 | D:3      | HP: 6/29 [orc/+0 falchion (2)]
  1222 | D:2      | Reached XP level 4. HP: 5/36 MP: 4/4
  1363 | D:3      | HP: 8/36 [phantom (5)]
  1365 | D:3      | Killed a phantom
  1366 | D:3      | Reached skill level 5 in Ranged Weapons
  1366 | D:3      | Reached XP level 5. HP: 8/41 MP: 5/5
  1607 | D:3      | Reached skill level 3 in Fighting
  1762 | D:3      | 1762 ||| FLEEEEING.
  1763 | D:3      | 1763 ||| FLEEEEING.
  1764 | D:3      | 1764 ||| FLEEEEING.
  1765 | D:3      | 1765 ||| FLEEEEING.
  1766 | D:3      | 1766 ||| FLEEEEING.
  1769 | D:3      | 1769 ||| FLEEEEING.
  1770 | D:3      | 1770 ||| FLEEEEING.
  1775 | D:3      | 1775 ||| FLEEEEING.
  1776 | D:3      | 1776 ||| FLEEEEING.
  1777 | D:3      | 1777 ||| FLEEEEING.
  1778 | D:3      | 1778 ||| STAIRDANCE
  1880 | D:2      | 1880 ||| UPGRADING to +6 ring of dexterity.
  1881 | D:2      | 1881 ||| READING scroll labelled TAAVUELAH.
  1882 | D:2      | 1882 ||| READING scroll labelled OLIOPIMNOD.
  1883 | D:2      | 1883 ||| DRINKING 2 orange potions.
  1884 | D:2      | 1884 ||| DRINKING 2 black potions.
  1889 | D:3      | 1889 ||| STAIRDANCE
  1921 | D:3      | 1921 ||| STAIRDANCE
  1934 | D:2      | 1934 ||| DRINKING potion of curing.
  1934 | D:2      | 1934 ||| (to cure confusion)
  1937 | D:2      | Reached skill level 6 in Ranged Weapons
  2003 | D:2      | 2003 ||| UPGRADING to +0 ring mail.
  2013 | D:2      | 2013 ||| DROPPING +0 leather armour.
  2057 | D:3      | Found a faded altar of an unknown god.
  2057 | D:3      | Noticed a smoke demon
  2138 | D:3      | Reached skill level 1 in Armour
  2140 | D:3      | HP: 9/45 [gnoll/+0 spear (6)]
  2141 | D:3      | 2141 ||| DRINKING potion of heal wounds.
  2147 | D:3      | Reached XP level 6. HP: 27/51 MP: 6/6
  2381 | D:3      | 2381 ||| READING scroll labelled HEOFAM WUUHIFO.
  2531 | D:4      | Found Zyok's Fire Supplies.
  2545 | D:4      | 2545 ||| SHOPLISTING +2 leather armour of fire resistance
                  | (209 gold, have 144).
  2545 | D:4      | 2545 ||| SHOPLISTING +2 ring mail of fire resistance (231
                  | gold, have 144).
  2545 | D:4      | 2545 ||| SHOPLISTING +3 sling of flaming (216 gold, have
                  | 144).
  2545 | D:4      | 2545 ||| SHOPLISTING ring of fire (275 gold, have 144).
  2616 | D:4      | 2616 ||| Stepping ~*~*~tactically~*~*~ (outnumbered).
  2617 | D:4      | 2617 ||| Stepping ~*~*~tactically~*~*~ (outnumbered).
  2783 | D:4      | Found Podiheo's General Store.
  2792 | D:4      | 2792 ||| BUYING +1 robe of fire resistance (139 gold).
  2792 | D:4      | Bought a +1 robe of fire resistance for 139 gold pieces
  2792 | D:4      | 2792 ||| SHOPLISTING scroll of identify (22 gold, have 5).
  3024 | D:4      | 3024 ||| SWAPPING to +0 longbow.
  3026 | D:4      | 3026 ||| DROPPING +1 sling.
  3128 | D:4      | Reached skill level 7 in Ranged Weapons
  3128 | D:4      | Reached XP level 7. HP: 47/59 MP: 7/7
  3304 | D:4      | 3304 ||| UPGRADING to +1 robe of fire resistance.
  3314 | D:4      | 3314 ||| UPGRADING to ring of positive energy.
  3315 | D:4      | 3315 ||| READING scroll labelled LATOAR RALAUMNU.
  3315 | D:4      | Identified a scroll of acquirement
  3315 | D:4      | 3315 ||| ACQUIRING amulet "Hulosah" {Spirit rF+ Dex+3}
  3315 | D:4      | Acquired the amulet "Hulosah" {Spirit rF+ Dex+3}
  3317 | D:4      | 3317 ||| UPGRADING to amulet "Hulosah" {Spirit rF+ Dex+3}.
  3322 | D:4      | 3322 ||| DRINKING 2 emerald potions.
  3323 | D:4      | 3323 ||| DROPPING potion of brilliance.
  3340 | D:5      | Entered Level 5 of the Dungeon
  3350 | D:5      | Reached skill level 3 in Dodging
  3362 | D:5      | 3362 ||| FLEEEEING.
  3363 | D:5      | 3363 ||| FLEEEEING.
  3370 | D:5      | 3370 ||| FLEEEEING.
  3372 | D:5      | 3372 ||| STAIRDANCE
  3426 | D:5      | 3426 ||| FLEEEEING.
  3428 | D:5      | 3428 ||| STAIRDANCE
  3537 | D:5      | 3537 ||| FLEEEEING.
  3539 | D:5      | 3539 ||| STAIRDANCE
  3595 | D:5      | Found a hide-covered altar of Uskayaw.
  3984 | D:5      | HP: 12/59 [ogre/+0 giant spiked club (17)]
  3985 | D:5      | 3985 ||| READING scroll of teleportation.
  3986 | D:5      | Reached skill level 8 in Ranged Weapons
  4008 | D:5      | 4008 ||| FLEEEEING.
  4009 | D:5      | 4009 ||| FLEEEEING.
  4010 | D:5      | 4010 ||| FLEEEEING.
  4011 | D:5      | 4011 ||| FLEEEEING.
  4012 | D:5      | 4012 ||| FLEEEEING.
  4013 | D:5      | 4013 ||| FLEEEEING.
  4014 | D:5      | 4014 ||| FLEEEEING.
  4017 | D:5      | 4017 ||| FLEEEEING.
  4018 | D:5      | 4018 ||| FLEEEEING.
  4019 | D:5      | 4019 ||| STAIRDANCE
  4142 | D:4      | 4142 ||| READING scroll labelled JIRES PIGEA.
  4145 | D:5      | 4145 ||| STAIRDANCE
  4383 | D:6      | 4383 ||| Stepping ~*~*~tactically~*~*~ (outnumbered).
  4385 | D:6      | 4385 ||| Stepping ~*~*~tactically~*~*~ (outnumbered).
  4391 | D:6      | 4391 ||| Stepping ~*~*~tactically~*~*~ (outnumbered).
  4407 | D:6      | HP: 14/61 [orc warrior/+0 glaive (7)]
  4412 | D:6      | Slain by an orc warrior

Levels and vault maps discovered:
D:1:      minmay_arrival_hallway, layout_basic, minmay_octomino_e4
D:2:      layout_rooms, basic_altar
D:3:      layout_rooms, dreamdust_ecumenical_altar_sealed_demon,
          chequers_serial_rivers_micro_b
D:4:      layout_gridville, minmay_misc_feat_enclosed, minmay_shop_grid_forest,
          nicolae_shop_fire_sale [nicolae_sub_dead_trees], supply_closet_lemuel
D:5:      layout_loops_ring, nicolae_uskayaw_suspiria
D:6:      layout_cave_pools, grunt_temple_overflow_diamond,
          nicolae_overflow_hidden_temple, uniq_menkaure, uniq_maggie

Skill      XL: |  1  2  3  4  5  6  7 |
---------------+----------------------+-----
Ranged Weapons | 3 4 5 6 7 8 |  8.1
Fighting       | 2 3 4 5 |  5.0
Armour         | 1 |  1.1
Dodging        | 4 |  4.2
Spellcasting   | |  1.0
Hexes          | |  2.0

Action                     |  1- 3 |  4- 6 |  7- 9 || total
---------------------------+-------+-------+-------++-------
   Fire: Sling             |   126 |   168 |       ||   294
         Longbow           |       |     7 |    87 ||    94
    Use: Scroll            |     3 |     3 |     3 ||     9
         Potion            |     2 |     4 |     1 ||     7
 Armour: Robe              |    10 |       |     8 ||    18
         Leather armour    |     7 |    19 |       ||    26
         Ring mail         |       |    19 |     2 ||    21
  Dodge: Dodged            |    52 |    63 |    44 ||   159

Table legend:
 A = Non-vault XP
 B = Vault XP
 C = Vault XP percentage of total XP
 D = Non-vault monster count
 E = Vault monster count
 F = Vault count percentage of total count
                 A         B        C        D         E       F
            +---------+---------+-------+---------+---------+-------
      Total |    1327 |      11 |   0.8 |     108 |       6 |   5.3
            +---------+---------+-------+---------+---------+-------
        D:1 |      39 |      11 |  22.0 |      23 |       6 |  20.7
        D:2 |      91 |       0 |   0.0 |      21 |       0 |   0.0
        D:3 |     257 |       0 |   0.0 |      22 |       0 |   0.0
        D:4 |     348 |       0 |   0.0 |      19 |       0 |   0.0
        D:5 |     469 |       0 |   0.0 |      16 |       0 |   0.0
        D:6 |     123 |       0 |   0.0 |       7 |       0 |   0.0
            +---------+---------+-------+---------+---------+-------
